 Dungeon Crawl Stone Soup version 0.29.0-13-gc9e81de378 (webtiles) character file.

Game seed: 3563899400111115722

14670 runemasterragnar the Fighter (level 11, -5/114 HPs)
             Began as a Green Draconian Transmuter on Sept 9, 2022.
             Was an Elder of Vehumet.
             Slain by a hornet (8 damage)
             ... on level 11 of the Dungeon on Sept 10, 2022.
             The game lasted 00:33:19 (16862 turns).

runemasterragnar the Fighter (DrTm)                Turns: 16862, Time: 00:33:20

Health: -5/114     AC:  8    Str: 13    XL:     11   Next: 91%
Magic:  19/22      EV: 12    Int: 16    God:    Vehumet [****..]
Gold:   891        SH:  5    Dex: 11    Spells: 2/25 levels left

rFire   x . .      SeeInvis +     - Unarmed
rCold   + + +      Faith    .   (shield currently unavailable)
rNeg    . . .      Spirit   .   (body armour unavailable)
rPois   +          Reflect  +   (helmet currently unavailable)
rElec   .          Harm     .   (cloak currently unavailable)
rCorr   .          Rampage  .   (gloves currently unavailable)
Will    .....                   (boots currently unavailable)
Stlth   +.........              n - amulet of reflection
HPRegen 0.29/turn               (no ring)
MPRegen 0.18/turn               E - ring of see invisible

@: mighty, ice-form, wereblooded, slowed, very slow
A: freezing attack, amphibious, boosted hp, (breathe noxious fumes), AC +7,
large, unfitting armour, (poison resistance), (cold-blooded), dopey 1
a: End Transformation, Renounce Religion


You were on level 11 of the Dungeon.
You worshipped Vehumet.
Vehumet was greatly pleased with you.
You were a creature of crystalline ice.
You visited 2 branches of the dungeon, and saw 15 of its levels.

You collected 894 gold pieces.
You donated 3 gold pieces to Zin.

Inventory:

Missiles
 u - a throwing net
Armour
 c - a +1 hat (melded)
Jewellery
 f - a ring of ice
 n - an amulet of reflection (around neck)
 o - a ring of resist corrosion
 w - an amulet of faith
 z - a ring of ice
 C - a ring of magical power
 E - a ring of see invisible (right front paw)
Wands
 j - a wand of roots (10)
 q - a wand of polymorph (6)
 x - a wand of flame (28)
 y - a wand of paralysis (14)
 B - a wand of light (2)
Scrolls
 a - 3 scrolls of poison
 d - 2 scrolls of magic mapping
 i - 4 scrolls of teleportation
 m - a scroll of summoning
 r - a scroll of amnesia
 s - 2 scrolls of fog
 v - 2 scrolls of enchant armour
 A - a scroll of blinking
 F - a scroll of enchant weapon
Potions
 b - a potion of flight
 e - 6 potions of curing
 h - 2 potions of brilliance
 k - a potion of resistance
 l - 2 potions of lignification
 H - a potion of haste {unknown}
 I - a potion of attraction {unknown}


   Skills:
 + Level 8.8 Fighting
 + Level 7.4 Dodging
 + Level 8.6 Unarmed Combat
 + Level 7.6 Spellcasting
 - Level 3.3 Hexes
 - Level 8.1 Transmutations
 + Level 7.1 Ice Magic


You had 2 spell levels left.
You knew the following spells:

 Your Spells              Type           Power      Damage    Failure   Level
a - Beastly Appendage     Tmut           64%        N/A       1%          1
b - Wereblood             Tmut           32%        N/A       1%          2
c - Spider Form           Tmut/Pois      19%        N/A       7%          3
d - Ice Form              Ice/Tmut       30%        N/A       4%          4
e - Freeze                Ice            100%       1d11      1%          1
f - Ensorcelled Hibernat  Hex/Ice        46%        N/A       1%          2
g - Irradiate             Conj/Tmut      9%         3d14      16%         5
h - Ozocubu's Armour      Ice            29%        N/A       1%          3
i - Blink                 Tloc           12%        N/A       19%         2

Your spell library contained the following spells:

 Spells                   Type           Power      Damage    Failure   Level
 Lightning Bolt           Conj/Air       3%         1d14      58%         5
 Foxfire                  Conj/Fire      24%        2x1d5     3%          1
 Shock                    Conj/Air       24%        1d4       3%          1
 Passwall                 Tmut/Erth      15%        N/A       3%          2
 Tukima's Dance           Hex            16%        N/A       9%          3
 Blade Hands              Tmut           16%        N/A       12%         5
 Portal Projectile        Hex/Tloc       22%        N/A       17%         3
 Flame Wave               Conj/Fire      6%         2d5       28%         4
 Freezing Cloud           Conj/Ice/Air   6%         6-21      30%         5
 Swiftness                Air            6%         N/A       34%         3
 Metabolic Englaciation   Hex/Ice        11%        N/A       36%         5
 Corpse Rot               Necr/Pois/Air  6%         N/A       75%         4
 Manifold Assault         Tloc           6%         N/A       97%         5
 Simulacrum               Ice/Necr       8%         N/A       99%         6
 Storm Form               Tmut/Air       9%         N/A       100%        7
 Polar Vortex             Ice            14%        N/A       100%        9


Dungeon Overview and Level Annotations

Branches:
Dungeon (13/15)            Temple (0/1) D:4             Orc (2/2) D:9
    Elf (0/3) Orc:2
   Lair: D:8-11      Vaults: D:13-14

Altars:
Ashenzari
Elyvilon
Fedhas
Gozag
Hepliaklqana
Makhleb
Nemelex Xobeh
Okawaru
Uskayaw
Vehumet
Wu Jian
Xom
Zin

Shops:
D:4 *[   D:8 (

Annotations:
D:11 Urug
D:12 1 runed translucent door, CertainDeath's ghost, journeyman TrTm; Psyche


Innate Abilities, Weirdness & Mutations

You are a creature of crystalline ice.
You have a powerful freezing melee attack.
You are amphibious.
Your maximum health is increased.
Your armour is entirely melded.
You are incapable of wielding weapons or throwing items.
((You can breathe blasts of noxious fumes.))
((Your lurid green scales are hard. (AC +7)))
You cannot fit into any form of body armour.
((Your system is resistant to poisons. (rPois)))
((You are cold-blooded and may be slowed by cold attacks.))
You are dopey. (Int -2)


Message History

You feel much better. The manticore completely misses you.
The manticore barely misses you. You block the manticore's attack.
The wraith barely misses you. The wraith hits you.
* * * LOW HITPOINT WARNING * * *
The wraith drains your vigour!
You feel as though you will be slow longer.
The manticore completely misses you. The manticore claws you!
* * * LOW HITPOINT WARNING * * *
The manticore misses you.
Unknown command.
You barely miss the wraith.
The wraith is almost destroyed.
You block the manticore's attack. The manticore closely misses you.
The manticore claws you.
* * * LOW HITPOINT WARNING * * *
You block the wraith's attack.
Your magical contamination has completely faded away.
Unknown command.
You punch the wraith!
You feel a bit better.
You destroy the wraith!
Vehumet accepts your kill.
You feel your power returning. You block the hornet's attack.
You block the manticore's attack.
The manticore claws you but does no damage.
The manticore barely misses you.
Unknown command.
Unknown command.
Okay, then.
Okay, then.
Aiming: Paralyse
Press: ? - help, Shift-Dir - straight line, f - manticore
Aim: a manticore (chance to affect: 31%)
The manticore easily resists.
The hornet stings you!
* * * LOW HITPOINT WARNING * * *
The manticore closely misses you. The manticore claws you.
* * * LOW HITPOINT WARNING * * *
The manticore claws you.
* * * LOW HITPOINT WARNING * * *
The hornet stings you!
You die...

#...........#
#.......#.########
.................#
####.##.########.#
#. #†## #. #..# #.
##)## #.##...##
#.yY....#
#.##H...# ≈~≈
~......#
~T≈y≈≈≈.~..~..# #
~
~~≈≈≈≈≈≈≈~..~...#
#...
~~≈≈≈≈≈≈≈~~~~....
....
.~≈h≈~≈≈~≈~.~...#
~.≈~..~ ≈~~....


You could see a manticore, a troll and a hornet.

Vanquished Creatures
  Josephine (D:9)
  A rakshasa (D:13)
  2 hydras (D:11)
  A centaur warrior (D:10)
  A manticore (D:11)
  An unseen horror (D:13)
  A kobold demonologist (D:11)
  2 trolls
  A shadow (D:13)
  9 yaks
  7 wraiths
  A wyvern (D:7)
  Grum (D:10)
  A steam dragon (D:9)
  2 vampire mosquitoes (D:12)
  An acid dragon (D:8)
  4 water moccasins
  14 orc warriors
  A black bear (D:5)
  5 ogres
  5 wolves
  8 centaurs
  2 phantoms
  A kobold brigand (D:8)
  3 bullfrogs
  A necrophage (D:6)
  3 gnoll sergeants
  A scorpion (D:6)
  17 wights
  6 killer bees
  5 howler monkeys
  2 hounds (D:11)
  A jelly (D:8)
  2 gnoll boudas
  10 orc priests
  Terence (D:3)
  5 iguanas
  17 orc wizards
  47 gnolls
  4 adders
  A shadow imp (D:7)
  A white imp (D:7)
  A worm (D:3)
  A dart slug (D:3)
  95 orcs
  3 endoplasms
  2 giant cockroaches (D:1)
  7 goblins
  7 hobgoblins
  13 jackals
  6 kobolds
  3 quokkas
  2 ball pythons (D:1)
  7 bats
  4 frilled lizards
  3 rats
354 creatures vanquished.

Vanquished Creatures (others)
  An angel (D:5)
  2 orcs
  9 fungi (D:3)
  3 plants (D:4)
15 creatures vanquished.

Grand Total: 369 creatures vanquished

Notes
Turn   | Place    | Note
-------+----------+-------------------------------------------
     0 | D:1      | runemasterragnar the Draconian Transmuter began the quest
                  | for the Orb.
     0 | D:1      | Reached XP level 1. HP: 16/16 MP: 3/3
   241 | D:1      | Reached XP level 2. HP: 23/23 MP: 3/5
  1368 | D:1      | Found a faded altar of an unknown god.
  1657 | D:1      | Prayed at the altar of an unknown god.
  1657 | D:1      | Became a worshipper of Zin the Law-Giver
  1657 | D:1      | Reached * piety under Zin
  1658 | D:1      | Fell from the grace of Zin
  1804 | D:2      | Reached XP level 3. HP: 28/28 MP: 4/6
  2455 | D:3      | Found an iron altar of Okawaru.
  2475 | D:3      | Found a radiant altar of Vehumet.
  2490 | D:3      | Became a worshipper of Vehumet
  2817 | D:3      | Noticed Terence
  2822 | D:3      | Learned a level 2 spell: Wereblood
  2826 | D:3      | Learned a level 3 spell: Spider Form
  2839 | D:3      | Killed Terence
  2840 | D:3      | Reached XP level 4. HP: 8/36 MP: 1/7
  3313 | D:4      | Found Zeeschoil's Antique Armour Emporium.
  3563 | D:4      | Reached XP level 5. HP: 22/41 MP: 4/9
  3654 | D:4      | Noticed a phantom
  3672 | D:4      | Killed a phantom
  3779 | D:4      | Found Numueci's Fire Supplies.
  3936 | D:4      | Reached XP level 6. HP: 40/50 MP: 5/10
  3985 | D:5      | Entered Level 5 of the Dungeon
  4075 | D:5      | Found a blossoming altar of Fedhas.
  4165 | D:5      | Noticed an angel
  4166 | D:5      | Found a shimmering altar of Xom.
  4167 | D:5      | Found a glowing silver altar of Zin.
  4213 | D:5      | Reached * piety under Vehumet
  4213 | D:5      | Offered knowledge of Shock by Vehumet.
  4482 | D:5      | Killed an angel
  4835 | D:5      | Found an opulent altar of Gozag.
  4836 | D:5      | Found a sparkling altar of Nemelex Xobeh.
  4919 | D:5      | Your scales start taking on a lurid green colour.
  4919 | D:5      | Reached XP level 7. HP: 52/57 MP: 10/12
  4919 | D:5      | Gained mutation: Your system is resistant to poisons.
                  | (rPois) [Green Draconian growth]
  4924 | D:5      | Learned a level 4 spell: Ice Form
  5345 | D:4      | Reached skill level 5 in Transmutations
  5347 | D:4      | Reached skill level 1 in Ice Magic
  5611 | D:4      | Reached ** piety under Vehumet
  5616 | D:4      | Offered knowledge of Freeze by Vehumet.
  6059 | D:4      | Found a staircase to the Ecumenical Temple.
  6071 | D:4      | Learned a level 1 spell: Freeze
  6074 | D:4      | Learned a level 2 spell: Ensorcelled Hibernation
  6334 | D:5      | Reached XP level 8. HP: 24/66 MP: 8/13
  6828 | D:6      | Found a broken altar of Ashenzari.
  6914 | D:6      | Reached skill level 1 in Hexes
  7034 | D:6      | Reached skill level 5 in Unarmed Combat
  7041 | D:6      | Noticed a +0 dagger
  7042 | D:6      | Noticed a +0 spear
  7043 | D:6      | Noticed a +0 falchion
  7043 | D:6      | Noticed a +0 spear
  7043 | D:6      | Noticed a +0 short sword
  7043 | D:6      | Noticed a +0 dagger
  7043 | D:6      | Noticed a +0 short sword
  7043 | D:6      | Noticed a +0 falchion
  7070 | D:6      | Found a hide-covered altar of Uskayaw.
  7392 | D:6      | Offered knowledge of Searing Ray by Vehumet.
  7855 | D:7      | Reached XP level 9. HP: 69/73 MP: 9/15
  7857 | D:7      | Reached *** piety under Vehumet
  7879 | D:7      | Reached skill level 5 in Fighting
  7889 | D:7      | Offered knowledge of Conjure Flame by Vehumet.
  8510 | D:7      | Found a runed translucent door.
  8601 | D:7      | Reached **** piety under Vehumet
  8616 | D:7      | Offered knowledge of Irradiate by Vehumet.
  8925 | D:8      | Reached skill level 5 in Spellcasting
  8949 | D:8      | Found a white marble altar of Elyvilon.
  9085 | D:8      | Reached skill level 5 in Dodging
  9090 | D:8      | Reached XP level 10. HP: 77/83 MP: 17/17
  9319 | D:8      | Learned a level 5 spell: Irradiate
  9401 | D:8      | Found Tyerolev's Weapon Shoppe.
 10407 | D:9      | Found a staircase to the Orcish Mines.
 10756 | D:9      | Found a burning altar of Makhleb.
 10897 | D:9      | Reached ***** piety under Vehumet
 10901 | D:9      | Offered knowledge of Lightning Bolt by Vehumet.
 11091 | D:9      | Found an ornate altar of the Wu Jian Council.
 11683 | D:9      | Reached skill level 5 in Ice Magic
 12157 | D:10     | Entered Level 10 of the Dungeon
 12717 | D:10     | Learned a level 3 spell: Ozocubu's Armour
 12916 | D:10     | Found a hazy altar of Hepliaklqana.
 12916 | D:10     | Noticed a centaur warrior
 12926 | D:10     | Killed a centaur warrior
 13119 | D:10     | Noticed Grum
 13136 | D:10     | Killed Grum
 13442 | D:11     | You fall into a shaft and drop 2 floors!
 13447 | D:12     | Noticed a gargoyle
 13452 | D:13     | Noticed an eight-headed hydra
 13471 | D:13     | Noticed a rakshasa
 13486 | D:13     | Killed a rakshasa
 13487 | D:13     | Reached XP level 11. HP: 65/92 MP: 12/20
 13807 | D:13     | Found a radiant altar of Vehumet.
 14296 | D:11     | Noticed a five-headed hydra
 14329 | D:11     | Killed a five-headed hydra
 14684 | D:11     | Noticed a sun demon
 14843 | D:12     | Gained mutation: You are dopey. (Int -2) [potion of
                  | mutation]
 15259 | D:12     | Found a runed translucent door.
 15260 | D:12     | Found a shimmering altar of Xom.
 15260 | D:12     | Noticed CertainDeath's ghost (journeyman TrTm)
 15260 | D:12     | Noticed a +0 trident of chaos
 15280 | D:12     | Noticed Psyche
 15282 | D:11     | Noticed a two-headed ogre
 15286 | D:11     | Noticed a two-headed ogre
 15292 | D:11     | Noticed Urug
 15350 | Orc:1    | Entered Level 1 of the Orcish Mines
 15552 | Orc:1    | Noticed Josephine
 15574 | D:9      | Killed Josephine
 16159 | D:9      | Learned a level 2 spell: Blink
 16495 | Orc:2    | Entered Level 2 of the Orcish Mines
 16495 | Orc:2    | Found a staircase to the Elven Halls.
 16503 | Orc:2    | Noticed a two-headed ogre
 16503 | Orc:2    | Noticed an ogre mage
 16716 | D:11     | Got Ifuufek's Vellum of the Storm and Calefaction
 16825 | D:11     | Noticed a seven-headed hydra
 16837 | D:11     | Killed a seven-headed hydra
 16862 | D:11     | HP: 3/114 [manticore (3)]
 16862 | D:11     | Slain by a hornet

Illustrated notes

Levels and vault maps discovered:
D:1:      psy_arrival_spokes, layout_basic,
          shapermc_ecumenical_altar_mp_vishouse
D:2:      layout_basic
D:3:      layout_basic, mainiacjoe_overflow_catch_the_wave, uniq_terence
D:4:      lemuel_castle_with_subvaults [lemuel_castle_interior_carwin_3],
          layout_gridville, minmay_temple_entry_poolview, serial_shops,
          nicolae_shop_hallway_plus, nicolae_shop_fire_sale
          [nicolae_sub_dead_trees], serial_bayou_pond_a
D:5:      layout_rooms, grunt_temple_overflow_order_and_chaos_1,
          grunt_temple_overflow_opulence, nicolae_overflow_hidden_temple,
          minmay_misc_feat_five
D:6:      layout_gridville, nicolae_uskayaw_en_pointe, marbit_many_paths
D:7:      layout_gridville, lightli_church_of_beogh
D:8:      layout_basic, serial_shops, nicolae_shop_statue_plus,
          amcnicky_mini_corridor_feature, minmay_ruined_shrine
D:9:      layout_stronghold, mainiacjoe_overflow_concentric_impassable,
          lemuel_doored_altar, hiddenorc2_lemuel
D:10:     wander_river, layout_irregular_city, mainiacjoe_overflow_alcove_2,
          uniq_grum
D:11:     layout_loops_ring, erik_lair_island, wad_rectangle_vault, uniq_urug
D:12:     layout_gridville, ebering_ghost_xom, uniq_psyche
D:13:     layout_irregular_city, grunt_vaults_entry_fortified,
          nicolae_vehumet_radiance
Orc:1:    layout_caves, serial_shops, shop, uniq_josephine
Orc:2:    st_orc_ogre_mass, layout_caves

Skill      XL: |  1  2  3  4  5  6  7  8  9 10 11 |
---------------+----------------------------------+-----
Dodging        | 2 3 4 5 6 7 |  7.4
Fighting       | 2 3 4 5 7 8 |  8.8
Transmutations | 3 4 5 6 8 |  8.1
Spellcasting   | 3 4 5 6 7 |  7.6
Unarmed Combat | 4 5 6 7 8 |  8.6
Ice Magic      | 1 2 4 5 7 |  7.1
Hexes          | 2 3 |  3.3

Action                   |  1- 3 |  4- 6 |  7- 9 | 10-12 || total
-------------------------+-------+-------+-------+-------++-------
Melee: Unarmed           |   120 |   143 |   360 |   379 ||  1002
       Kick              |    21 |    11 |    21 |       ||    53
       Headbutt          |    10 |     6 |     7 |       ||    23
       Tailslap          |     2 |     4 |     8 |     5 ||    19
       Punch             |     2 |     1 |     3 |       ||     6
 Cast: Beastly Appendage |    30 |     7 |     9 |       ||    46
       Spider Form       |     1 |     9 |    10 |     1 ||    21
       Wereblood         |       |       |    10 |    19 ||    29
       Ice Form          |       |       |    17 |    34 ||    51
       Freeze            |       |       |     3 |       ||     3
       Ozocubu's Armour  |       |       |       |    10 ||    10
       Irradiate         |       |       |       |     1 ||     1
       Ensorcelled Hiber |       |       |       |     2 ||     2
Invok: Renounce Religion |     1 |       |       |       ||     1
 Abil: Breathe Noxious F |       |       |     5 |     7 ||    12
       End Transformatio |       |       |       |     2 ||     2
Evoke: Wand              |       |       |     2 |     7 ||     9
  Use: Potion            |     1 |     1 |       |     8 ||    10
       Scroll            |       |     3 |     4 |    12 ||    19
 Stab: Confused          |       |       |     6 |     3 ||     9
Armor: Skin              |    52 |    39 |    52 |   170 ||   313
Dodge: Dodged            |    89 |    89 |   162 |   303 ||   643
Block: Other             |       |       |    63 |   112 ||   175
       Reflection        |       |       |       |     4 ||     4
